 Dungeon Crawl Stone Soup version bcrawl-1.19.1 (webtiles) character file.

Game seed: 10244592331605072842

907 Mrkan the Ruffian (level 7, 0/71 HPs)
             Began as a Troll Monk on Nov 29, 2019.
             Succumbed to a water moccasin's poison
             ... on level 5 of the Dungeon.
             The game lasted 00:07:19 (3093 turns).

Mrkan the Ruffian (Troll Monk)                      Turns: 3093, Time: 00:07:20

Health: 0/71       AC:  7    Str: 20    XL:     7   Next: 81%
Magic:  3/7        EV: 10    Int:  9    God:
Gold:   297        SH:  0    Dex: 12    Spells: 6/6 levels left

rFire    . . .     SeeInvis .     - Unarmed
rCold    . . .     Gourm    +   (no shield)
rNeg     . . .     Faith    .   (armour unavailable)
rPois    .         Spirit   +   a - +0 hat
rElec    .         Reflect  .   f - scarf {repulsion}
rCorr    .         Harm     .   (gloves unavailable)
MR       .....                  (boots unavailable)
Stlth    ++........             b - amulet of guardian spirit
HPRegen  0.61/turn              (no ring)
MPRegen  0.10/turn              (no ring)

@: lethally poisoned (0 -> -27), hasted, repel missiles, very quick
A: large, almost no armour, unfitting armour, claws 3, fast metabolism 3,
gourmand, regeneration 1, AC +7
a: no special abilities


You were on level 5 of the Dungeon.
You were completely stuffed.

You visited 1 branch of the dungeon, and saw 5 of its levels.

You collected 297 gold pieces.

Inventory:

Missiles
 k - 100 javelins (quivered)
Armour
 a - a +0 hat (worn)
 f - a scarf of repulsion (worn)
 i - a scarf of spirit shield
 z - a +0 large shield
Jewellery
 b - an amulet of guardian spirit (around neck)
 o - a cursed ring of attention {unknown}
 u - an uncursed ring of ice {unknown}
 y - a cursed ring of insulation {unknown}
Scrolls
 e - 2 scrolls of magic mapping {unknown}
 g - a scroll of enchant armour {unknown}
 l - a scroll of amnesia {unknown}
 m - 3 scrolls of remove curse {unknown}
 n - a scroll of fear {unknown}
 q - 4 scrolls of identify {unknown}
 r - a scroll of fog {unknown}
Potions
 d - a potion of haste
 h - a potion of heal wounds {unknown}
 j - a potion of cancellation {unknown}
 p - 2 potions of flight {unknown}
 s - 2 potions of lignification {unknown}
 t - 2 potions of curing {unknown}
 v - a potion of berserk rage {unknown}
 w - a potion of might {unknown}
Comestibles
 c - 8 rations {!d}
 x - 4 chunks of flesh


   Skills:
 + Level 4.9 Fighting
 - Level 2.4 Dodging
 - Level 1.1 Stealth
 * Level 7.9 Unarmed Combat
   Level 2.0 Invocations


You had 6 spell levels left.
You didn't know any spells.
Your spell library was empty.

Dungeon Overview and Level Annotations

Branches:
Dungeon (5/12)
 Temple: D:4-7

Altars:
Cheibriados


Innate Abilities, Weirdness & Mutations

You cannot wear most types of armour.
Your thick skin is tough. (AC +7)
You are too large for most types of armour.
You have claws for hands.
Your metabolism is lightning-fast.
You like to eat raw meat.
Your natural rate of healing is unusually fast.


Message History

The centaur completely misses you. The hippogriff completely misses you.
The hippogriff closely misses you.
The hippogriff claws you but does no damage.
You see here a water moccasin corpse.
You claw the centaur!
You kill the centaur!
* * * LOW HITPOINT WARNING * * *
You feel very sick. The hippogriff barely misses you. The hippogriff pecks you.
* * * LOW HITPOINT WARNING * * *
The hippogriff claws you but does no damage.
* * * LOW HITPOINT WARNING * * *
You feel very sick. The hippogriff barely misses you.
The hippogriff pecks you but does no damage.
The hippogriff closely misses you.
Items here: ( )) † a +0 war axe; a +0 shortbow; 173 arrows; a centaur corpse It was a potion of haste.
You feel yourself speed up.
You die...

#.#.# ##.#.#
#..#.# #.
#.##.##
#.#######.#...#
..#..........#
#.#.####.#...#
#)#†# #.#####
#.H@# #.# ##..#
#.# #..# #.#
#..# #.#
..<..........#
.#####..######
#..# .... ##.#.


You could see a hippogriff.

Vanquished Creatures
  A water moccasin (D:5)
  An orc warrior (D:5)
  2 centaurs (D:5)
  A bullfrog (D:3)
  A scorpion (D:4)
  2 crimson imps (D:4)
  An orc priest (D:5)
  2 iguanas
  An orc wizard (D:5)
  3 worker ants
  3 gnolls (D:4)
  6 adders
  3 oozes
  3 adder zombies (D:4)
  A dart slug (D:4)
  3 leopard geckos
  8 orcs
  2 ball pythons
  3 giant cockroaches
  A goblin (D:2)
  13 hobgoblins
  9 jackals
  9 kobolds
  3 quokkas
  6 bats
  A frilled lizard (D:2)
  2 quokka zombies (D:4)
  6 rats
97 creatures vanquished.

Notes
Turn   | Place    | Note
-------+----------+-------------------------------------------
     0 | D:1      | Mrkan the Troll Monk began the quest for the Orb.
     0 | D:1      | Reached XP level 1. HP: 22/22 MP: 1/1
   271 | D:1      | Reached XP level 2. HP: 26/29 MP: 2/2
   560 | D:1      | Reached XP level 3. HP: 36/36 MP: 3/3
   650 | D:2      | Reached skill level 4 in Unarmed Combat
   837 | D:2      | Gained mutation: Your natural rate of healing is unusually
                  | fast. [Troll growth]
   837 | D:2      | Reached XP level 4. HP: 43/45 MP: 4/4
  1699 | D:3      | Noticed a bullfrog
  1710 | D:3      | Killed a bullfrog
  1710 | D:3      | Reached skill level 5 in Unarmed Combat
  1710 | D:3      | Reached XP level 5. HP: 10/53 MP: 0/5
  2349 | D:4      | Reached XP level 6. HP: 58/62 MP: 6/6
  2385 | D:4      | Reached skill level 6 in Unarmed Combat
  2722 | D:4      | Found a snail-covered altar of Cheibriados.
  2772 | D:5      | Entered Level 5 of the Dungeon
  2788 | D:5      | Noticed an orc warrior
  2815 | D:5      | Reached XP level 7. HP: 48/71 MP: 4/7
  2822 | D:5      | Reached skill level 7 in Unarmed Combat
  2840 | D:5      | HP: 3/71 [orc priest/divine providence (10)]
  3075 | D:5      | Noticed a hippogriff
  3092 | D:5      | HP: 3/71 [poisoned by a water moccasin]
  3093 | D:5      | Succumbed to a water moccasin's poison

Skill      XL: |  1  2  3  4  5  6  7 |
---------------+----------------------+-----
Unarmed Combat | 4 5 6 7 |  7.9
Fighting       | 3 4 |  4.9
Dodging        | |  2.4
Stealth        | |  1.1
Invocations    | |  2.0

Action                   |  1- 3 |  4- 6 |  7- 9 || total
-------------------------+-------+-------+-------++-------
Melee: Unarmed           |    60 |   168 |    33 ||   261
       Punch             |       |     5 |     1 ||     6
  Use: Potion            |       |       |     1 ||     1
 Stab: Sleeping          |     2 |     3 |       ||     5
  Eat: Chunk             |    11 |    12 |     2 ||    25
Armor: Skin              |    17 |    52 |     9 ||    78
Dodge: Dodged            |    38 |    71 |    26 ||   135
       Deflected         |     1 |     4 |     2 ||     7
